 Dungeon Crawl Stone Soup version 0.28-a0-1624-g820543e53a (webtiles) character file.

Game seed: 8486804754079182788

95 HallandMoats the Vandal (level 4, -22/38 HPs)
             Began as a Ghoul Hunter on Jan 23, 2022.
             Was a Plaything of Xom.
             Killed from afar by Ijyb (49 damage)
             ... with a bolt of acid
             ... on level 3 of the Dungeon.
             The game lasted 00:02:21 (1692 turns).

HallandMoats the Vandal (Ghoul Hunter)              Turns: 1692, Time: 00:02:22

Health: -22/38     AC: 11    Str: 15    XL:     4   Next: 66%
Magic:  3/3        EV:  4    Int:  6    God:    Xom [.....*]
Gold:   128        SH:  0    Dex: 11    Spells: 3/3 levels left

rFire   . . .      SeeInvis .   a - +1 hunting sling
rCold   + . .      Faith    .   (no shield)
rNeg    + + +      Spirit   .   k - +0 plate armour
rPois   ∞          Reflect  .   (no helmet)
rElec   .          Harm     .   q - +0 cloak
rCorr   .          Rampage  .   (no gloves)
Will    .....                   (no boots)
Stlth   ..........              (no amulet)
HPRegen 0.00/turn               (no ring)
MPRegen 0.08/turn               (no ring)

@: inhibited regen
A: claws 1, cold resistance 1, negative energy resistance 3, inhibited
regeneration, torment resistance 2
a: Renounce Religion


You were on level 3 of the Dungeon.
You worshipped Xom.
You were Xom's teddy bear.
You visited 1 branch of the dungeon, and saw 3 of its levels.

You collected 128 gold pieces.

Inventory:

Hand Weapons
 a - a +1 hunting sling (weapon)
 b - a +4 quarterstaff of chaos
Missiles
 d - 6 sling bullets (quivered ammo)
 g - 20 stones
Armour
 k - a +0 plate armour (worn)
 q - a +0 cloak (worn)
Scrolls
 e - a scroll of teleportation {unknown}
 h - a scroll of enchant armour {unknown}
 j - a scroll of immolation {unknown}
 n - a scroll of identify {unknown}
 p - a scroll of enchant weapon {unknown}
 r - a scroll of noise {unknown}
Potions
 c - a potion of attraction {unknown}
 f - a potion of might {unknown}
 i - a potion of curing {unknown}
 l - a potion of magic {unknown}
 m - a potion of heal wounds {unknown}
 o - a potion of berserk rage {unknown}


   Skills:
 + Level 3.0 Fighting
 * Level 4.4 Slings
 + Level 1.3 Armour
 + Level 2.4 Dodging
 - Level 1.1 Stealth


You had 3 spell levels left.
You didn't know any spells.
Your spell library was empty.

Dungeon Overview and Level Annotations

Branches:
Dungeon (3/15)

Altars:
Ashenzari
Sif Muna
Xom

Shops:
D:2 =

Annotations:
D:3 Ijyb


Innate Abilities, Weirdness & Mutations

You thrive by killing the living.
You are immune to poison.
You have sharp fingernails.
Your flesh is cold resistant. (rC+)
You are immune to negative energy. (rN+++)
You do not regenerate when monsters are visible.
You are immune to unholy pain and torment.


Message History

You shoot a sling bullet.
The sling bullet barely misses the kobold.
The kobold hits you but does no damage.
A kobold is nearby!
You shoot a sling bullet. The sling bullet hits the kobold.
You kill the kobold!
No target in view!
No target in view!
No target in view!
No target in view!
No target in view!
No target in view!
g - 20 stones (gained 2);
d - 4 sling bullets (gained 3)
Things that are here:
a +0 dagger; a kobold corpse
d - 5 sling bullets (gained 1)
You see here a +0 long sword.
d - 11 sling bullets (gained 6)
r - a scroll labelled XUSIKO UDOST Ijyb the Twisted Goblin comes into view.
She is wielding a +0 club and carrying a wand of acid (11).
Ijyb is nearby!
Ijyb is nearby!
Ijyb is nearby!
You shoot a sling bullet.
Ijyb shouts!
The sling bullet hits Ijyb but does no damage.
You shoot a sling bullet. The sling bullet closely misses Ijyb.
Ijyb hits you with a +0 club.
You shoot a sling bullet. The sling bullet closely misses Ijyb.
Ijyb hits you with a +0 club.
You shoot a sling bullet. The sling bullet hits Ijyb.
Ijyb is lightly wounded.
Ijyb hits you with a +0 club.
You shoot a sling bullet.
The sling bullet hits Ijyb but does no damage.
Ijyb is lightly wounded.
Ijyb zaps a wand.
The bolt of acid hits you!!!
Ouch! That really hurt!
You die...
Xom giggles madly!

..............>..#......
.####.##.#<....#.#.#.#.#
####....#####.#.#.. #.#
.#......<†.....#.#####.#
.#########†#####.......#
#....§§§..#......#######
#.≈≈≈≈≈≈≈.######.#
#≈..≈≈≈..≈# #.#
#§.§...≈.≈# #@#
#≈§≈._.§§≈# #g#
#§.≈§).≈.≈# ((.
#§§.§§≈..≈# #####
#.≈≈§§≈≈≈.# #.....§.§.#
.#########.. ## ###


You could see Ijyb.

Vanquished Creatures
  Crazy Yiuf (D:2)
  2 adders (D:2)
  2 worms (D:2)
  A ball python (D:3)
  3 bats
  4 endoplasms
  3 giant cockroaches
  7 goblins
  3 hobgoblins
  2 jackals (D:2)
  A quokka (D:1)
  3 frilled lizards (D:1)
  4 kobolds
  4 rats
40 creatures vanquished.

Notes
Turn   | Place    | Note
-------+----------+-------------------------------------------
     0 | D:1      | HallandMoats the Ghoul Hunter began the quest for the Orb.
     0 | D:1      | Reached XP level 1. HP: 17/17 MP: 0/0
   123 | D:1      | Found a faded altar of an unknown god.
   152 | D:1      | Prayed at the altar of an unknown god.
   152 | D:1      | Became a worshipper of Xom the Unpredictable
   225 | D:1      | Reached XP level 2. HP: 25/25 MP: 1/1
   342 | D:1      | XOM: silly message
   489 | D:1      | XOM: silly message
   521 | D:2      | Found a broken altar of Ashenzari.
   580 | D:2      | Reached skill level 4 in Slings
   580 | D:2      | Reached XP level 3. HP: 30/30 MP: 2/2
   619 | D:2      | Reached skill level 1 in Armour
   629 | D:2      | Found Idix's Jewellery Emporium.
   808 | D:2      | XOM: god gift: chain mail {god gift}
  1051 | D:2      | Found a runed translucent door.
  1052 | D:2      | Noticed Crazy Yiuf
  1136 | D:2      | XOM: enchant monster (good)
  1137 | D:2      | XOM: butterfly on damage
  1170 | D:2      | Killed Crazy Yiuf
  1171 | D:2      | Reached XP level 4. HP: 14/37 MP: 3/3
  1221 | D:2      | XOM: scenery: summon butterflies
  1238 | D:2      | XOM: polymorph butterfly -> bat
  1410 | D:2      | XOM: scenery: create altars
  1596 | D:3      | Found a shimmering blue altar of Sif Muna.
  1687 | D:3      | Noticed Ijyb
  1692 | D:3      | Killed from afar by Ijyb

Illustrated notes

Levels and vault maps discovered:
D:1:      mushboom_english_gardens, layout_basic,
          ebering_ecumenical_altar_sacrificial
D:2:      layout_basic, basic_altar, serial_shops, shop_statue,
          chequers_serial_rivers_small_a, minmay_misc_feat_tiny,
          uniq_crazy_yiuf_cottage
D:3:      layout_basic, bloody_trog, mainiacjoe_overflow_paths,
          lightli_corner_chamber, uniq_ijyb

Skill      XL: |  1  2  3  4 |
---------------+-------------+-----
Dodging        | 2 |  2.4
Slings         | 4 |  4.4
Armour         | 1 |  1.3
Fighting       | 3 |  3.0
Stealth        | |  1.1

Action                   |  1- 3 |  4- 6 || total
-------------------------+-------+-------++-------
 Fire: Hunting sling     |    74 |    43 ||   117
Armor: Plate armour      |     5 |     9 ||    14
Dodge: Dodged            |       |     3 ||     3

Table legend: (Time is in decaauts)
 A = Elapsed time spent in this place.
 B = Non-inter-level travel time spent in this place.
 C = Inter-level travel time spent in this place.
 D = Time resting spent in this place.
 E = Time spent auto-exploring this place.
 F = Levels seen in this place.
 G = Mean time per level.
                   A        B        C        D        E       F      G
               +--------+--------+--------+--------+--------+-----+--------+
         Total |   1692 |   1624 |     68 |      0 |   1305 |   3 |  564.0 |
       Dungeon |   1692 |   1624 |     68 |      0 |   1305 |   3 |  564.0 |
               +--------+--------+--------+--------+--------+-----+--------+

Top non-repeatable levels by time:
     D:2: 918 daAuts
     D:1: 521 daAuts
     D:3: 252 daAuts
